 Dungeon Crawl Stone Soup version 0.27.0-1-g7a089689b8 (webtiles) character file.

Game seed: 8093851683179791001

16 dolemite99 the Cutter (level 2, -1/24 HPs)
             Began as a Vine Stalker Berserker on Aug 12, 2021.
             Was a Follower of Trog.
             Slain by a gnoll (2 damage)
             ... on level 1 of the Dungeon.
             The game lasted 00:01:18 (699 turns).

dolemite99 the Cutter (Vine Stalker Berserker)       Turns: 699, Time: 00:01:18

Health: -1/24      AC: 10    Str: 19    XL:     2   Next: 58%
Magic:  0/3        EV:  6    Int:  7    God:    Trog [*.....]
Gold:   75         SH:  0    Dex: 13    Spells: 1/1 levels left

rFire    . . .     SeeInvis .   a - +0 short sword
rCold    . . .     Faith    .   (no shield)
rNeg     . . .     Spirit   +   h - +0 plate armour
rPois    .         Reflect  .   (no helmet)
rElec    .         Harm     .   (no cloak)
rCorr    .         Rampage  .   (no gloves)
Will     .....                  (no boots)
Stlth    ..........             (no amulet)
HPRegen  0.08/turn              (no ring)
MPRegen  0.08/turn              (no ring)

@: berserking, very quick
A: fangs 2, magic shield, antimagic bite, no potion heal 2
a: Renounce Religion, Berserk


You were on level 1 of the Dungeon.
You worshipped Trog.
Trog was aware of your devotion.
You visited 1 branch of the dungeon, and saw 1 of its levels.

You collected 75 gold pieces.

Inventory:

Hand Weapons
 a - a +0 short sword (weapon)
 g - a +0 eveningstar
 k - a +0 dagger
Missiles
 d - 17 arrows
 e - 34 bolts
Armour
 f - a +0 ring mail
 h - a +0 plate armour (worn)
Jewellery
 b - a +4 ring of evasion
Scrolls
 c - a scroll of identify {unknown}
 i - a scroll of teleportation {unknown}
 j - a scroll of fear {unknown}


   Skills:
 - Level 2.6 Fighting
 + Level 3.5 Short Blades
 - Level 1.5 Armour
 - Level 1.5 Dodging


You had one spell level left.
You didn't know any spells.
Your spell library was empty.

Dungeon Overview and Level Annotations

Branches:
Dungeon (1/15)

Altars:


Innate Abilities, Weirdness & Mutations

You have extremely sharp teeth.
When hurt, damage is shared between your health and your magic reserves.
Your bite disrupts and absorbs the magic of your enemies.
Potions cannot restore your health.


Message History

A ball python is nearby!
A ball python is nearby!
The ball python barely misses you. The ball python grabs you.
The ball python constricts you.
You escape the ball python's grasp.
Things that are here:
a +0 dagger; a +0 dagger; a giant cockroach corpse You hit the ball python.
You kill the ball python!
Trog accepts your kill.
You see here a ball python corpse.
No target in view!
No target in view!
No target in view!
You now have 75 gold pieces (gained 9).
A gnoll comes into view.
It is wielding a +3 whip of electrocution.
The gnoll shouts!
You aren't carrying any potions.
Unknown command.
Okay, then.
Okay, then.
You see here a ball python corpse.
Things that are here:
a +0 dagger; a +0 dagger; a giant cockroach corpse
Okay, then.
You barely miss the gnoll.
The gnoll hits you with a +3 whip of electrocution!
You hit the gnoll. You bite the gnoll. You drain its power.
You feel invigorated.
The gnoll is lightly wounded.
The gnoll hits you with a +3 whip of electrocution!
Ouch! That really hurt!
* * * LOW HITPOINT WARNING * * *
You hit the gnoll. Your bite misses the gnoll.
The gnoll is heavily wounded.
The gnoll hits you but does no damage.
A red film seems to cover your vision as you go berserk!
You feel yourself moving faster!
You feel mighty!
The gnoll hits you with a +3 whip of electrocution.
You die...

#....##
#..#.##..##.#
..###
#.###.#..##.#
##.#.#.)†##.###
#.#.###.#.....#
#.##.#..#.###.##
#...#...#.# #..#
##.##.#.#.###..#
#########
#....#.#......#
..g.....#
####@#.######.#
#g# #g#.######.#
#.# #†#....>...#
####.#
#.########.#
#....# #.# #.#
#.###.#######.##
#.# #...g......#
##.##
#..#...##..#
#...#
.......#.....#
##...#


You could see a gnoll.

Vanquished Creatures
  2 ball pythons (D:1)
  An endoplasm (D:1)
  A giant cockroach (D:1)
  A quokka (D:1)
  2 bats (D:1)
  A frilled lizard (D:1)
  5 goblins (D:1)
  2 kobolds (D:1)
  A rat (D:1)
16 creatures vanquished.

Notes
Turn   | Place    | Note
-------+----------+-------------------------------------------
     0 | D:1      | dolemite99 the Vine Stalker Berserker began the quest for
                  | the Orb.
     0 | D:1      | Reached XP level 1. HP: 11/11 MP: 2/2
   232 | D:1      | Reached skill level 3 in Short Blades
   338 | D:1      | Reached XP level 2. HP: 16/16 MP: 3/3
   699 | D:1      | Slain by a gnoll

Illustrated notes

Levels and vault maps discovered:
D:1:      roderic_crossed_star, layout_loops_ring, minmay_tripent

Skill      XL: |  1 |
---------------+----+-----
Short Blades   | 3 |  3.5
Fighting       | |  2.6
Armour         | |  1.5
Dodging        | |  1.5

Action                   || total
-------------------------++-------
Melee: Short sword       ||    43
       Bite              ||     9
Invok: Berserk           ||     1
 Stab: Sleeping          ||     1
Armor: Ring mail         ||     2
       Animal skin       ||     2
       Plate armour      ||    17
Dodge: Dodged            ||    10
